 Dungeon Crawl Stone Soup version 0.32-a0-630-g46d191b0ed (webtiles) character file.

Game seed: 13847021151915229514

512 Dittersdorf the Shield-Bearer (level 7, 0/44 HPs)
             Began as a Gargoyle Fighter on Mar 6, 2024.
             Was an Initiate of Gozag.
             Slain by an ogre
             ... wielding a +0 giant club
              (21 damage)
             ... on level 4 of the Dungeon.
             The game lasted 00:04:31 (3131 turns).

Dittersdorf the Shield-Bearer (Gargoyle Fighter)    Turns: 3131, Time: 00:04:31

Health: 0/44       AC: 17    Str: 22    XL:     7   Next: 19%
Magic:  7/7        EV:  9    Int:  8    God:    Gozag
Gold:   131        SH:  4    Dex:  9    Spells: 6/6 levels left

rFire   . . .        a - +0 flail
rCold   . . .        c - +0 buckler
rNeg    + + .        b - +0 scale mail
rPois   ∞            t - +0 helmet
rElec   +            v - scarf {repulsion}
rCorr   .            (no gloves)
SInv    .            (no boots)
Will    .....        (no amulet) Stlth
                     u - +4 ring of protection
HPRegen 0.27/turn    r - ring of positive energy
MPRegen 0.10/turn

%: repel missiles
@: no status effects
A: sickness immunity, AC +4, negative energy resistance 1, electricity
resistance, torment resistance 1, petrification resistance
a: Renounce Religion, Potion Petition, Call Merchant, Bribe Branch


You were on level 4 of the Dungeon.
You worshipped Gozag.
Gozag was aware of your devotion.
You visited 1 branch of the dungeon, and saw 4 of its levels.

You collected 218 gold pieces.
You paid 87 gold pieces to Gozag.

Inventory:

Hand Weapons
 a - a +0 flail (weapon)
Armour
 b - a +0 scale mail (worn)
 c - a +0 buckler (worn)
 t - a +0 helmet (worn)
 v - a scarf of repulsion (worn)
Jewellery
 p - a ring of ice
 q - a ring of protection from fire
 r - a ring of positive energy (right hand)
 u - a +4 ring of protection (left hand)
 z - a ring of flight
Wands
 A - a wand of polymorph (5)
Scrolls
 e - 3 scrolls of fog {unknown}
 h - 5 scrolls of identify
 i - a scroll of noise {unknown}
 k - 5 scrolls of teleportation {unknown}
 m - a scroll of enchant weapon {unknown}
 n - a scroll of enchant armour {unknown}
 w - a scroll of amnesia {unknown}
 y - a scroll of immolation {unknown}
Potions
 d - a potion of might
 f - a potion of berserk rage {unknown}
 g - a potion of ambrosia {unknown}
 j - a potion of curing {unknown}
 l - 2 potions of cancellation {unknown}
 o - a potion of mutation
 s - a potion of enlightenment
 x - a potion of resistance
 B - a potion of attraction {unknown}


   Skills:
 + Level 5.1 Fighting
 + Level 4.1 Maces & Flails
 + Level 5.1 Armour
 + Level 5.2 Shields


You had 6 spell levels left.
You didn't know any spells.
Your spell library was empty.

Dungeon Overview and Level Annotations

Branches:
Dungeon (4/15)
 Temple: D:4-7

Altars:
Gozag
Okawaru
Sif Muna

Shops:
D:3 [


Innate Abilities, Weirdness & Mutations

You are immune to sickness and miasma.
Your stone body is resilient. (AC +4)
You are immune to poison.
You resist negative energy. (rN+)
You are resistant to electric shocks. (rElec)
You are resistant to unholy torment.
You are immune to petrification.


Message History

You thump the adder!
You kill the adder!
No target in view!
No target in view!
No target in view!
No target in view!
No target in view!
No target in view!
You now have 131 gold pieces (gained 4).
You open the door.
There is an open door here.
An ogre comes into view. It is wielding a +0 giant club.
The ogre shouts!
The ogre misses you.
You sock the ogre!
The ogre is moderately wounded.
The ogre hits you with a +0 giant club!!
Ouch! That really hurt!
You are too injured to fight recklessly!
You are too injured to fight recklessly!
You are too injured to fight recklessly!
You are too injured to fight recklessly!
You are too injured to fight recklessly!
You are too injured to fight recklessly!
You are too injured to fight recklessly!
You are too injured to fight recklessly!
You are too injured to fight recklessly!
You are too injured to fight recklessly!
You are too injured to fight recklessly!
You are too injured to fight recklessly!
You are too injured to fight recklessly!
You are too injured to fight recklessly!
You are too injured to fight recklessly!
You barely miss the ogre.
The ogre is moderately wounded.
You sock the ogre!
The ogre is severely wounded.
The ogre hits you with a +0 giant club!!
You die...
Your body crumbles into a pile of gold.

#.....[##.##.......#
#..................#
#.......#.##.#.....#
####'#..#..._....... .
#.#.....#.###.### ...
#.##.#..... #.#
#..####....#...#....#
#.....#####.## .####
#....@....... .#
#####.O.....##########
.......>..........
.................##
###.......#######.#
#.......#####'#'##
#............<....
#.......####......
+.....=


You could see an ogre.

Vanquished Creatures
  Sigmund (D:3)
  A sky beast (D:3)
  An orc priest (D:3)
  3 orc wizards
  Jessica (D:3)
  4 adders
  A ribbon worm (D:2)
  4 dart slugs
  17 orcs
  8 ball pythons
  6 endoplasms
  2 giant cockroaches
  A goblin (D:2)
  5 hobgoblins
  2 jackals (D:1)
  2 quokkas
  4 bats
  2 frilled lizards (D:1)
  5 kobolds
  4 rats
74 creatures vanquished.

Notes
Turn   | Place    | Note
-------+----------+-------------------------------------------
     0 | D:1      | Dittersdorf the Gargoyle Fighter began the quest for the
                  | Orb.
     0 | D:1      | Reached XP level 1. HP: 14/14 MP: 1/1
   136 | D:1      | Reached XP level 2. HP: 19/19 MP: 2/2
   866 | D:2      | Reached XP level 3. HP: 23/23 MP: 3/3
  1263 | D:2      | Reached XP level 4. HP: 28/29 MP: 4/4
  1917 | D:3      | Reached XP level 5. HP: 33/33 MP: 5/5
  2081 | D:3      | Noticed Jessica
  2097 | D:3      | Killed Jessica
  2112 | D:3      | Found a shimmering blue altar of Sif Muna.
  2173 | D:3      | Found an iron altar of Okawaru.
  2194 | D:3      | Found Akashe's Armour Boutique.
  2473 | D:3      | Noticed Sigmund
  2626 | D:3      | Killed Sigmund
  2627 | D:3      | Reached XP level 6. HP: 13/39 MP: 6/6
  2832 | D:4      | Noticed a sky beast
  2863 | D:3      | Killed a sky beast
  2864 | D:3      | Reached skill level 5 in Fighting
  2864 | D:3      | Reached skill level 5 in Shields
  2923 | D:3      | Reached skill level 5 in Armour
  3000 | D:3      | Reached XP level 7. HP: 44/44 MP: 7/7
  3052 | D:4      | Found an opulent altar of Gozag.
  3085 | D:4      | Became a worshipper of Gozag Ym Sagoz the Greedy
  3131 | D:4      | Slain by an ogre

Illustrated notes

Levels and vault maps discovered:
D:1:      minmay_arrival_shattered_statue, layout_basic
D:2:      layout_loops_corners, minmay_randomly_rotated_circles
D:3:      layout_basic, tgw_sif, mainiacjoe_overflow_24_doors, serial_shops,
          shop, hex_large, uniq_jessica, uniq_sigmund
D:4:      layout_basic, lemuel_crystal_altar, mainiacjoe_overflow_two_lobes,
          minmay_temple_entry_gardened_gates, st_stairs_10

Skill      XL: |  1  2  3  4  5  6 |
---------------+-------------------+-----
Fighting       | 4 5 |  5.1
Armour         | 4 5 |  5.1
Shields        | 4 5 |  5.2
Maces & Flails | 3 4 |  4.1

Action                     |  1- 3 |  4- 6 |  7- 9 || total
---------------------------+-------+-------+-------++-------
  Melee: Flail             |   113 |   127 |    42 ||   282
         Unarmed           |       |    33 |       ||    33
    Use: Scroll            |       |     3 |       ||     3
 Armour: Scale mail        |   126 |    96 |    29 ||   251
         Skin              |       |     9 |       ||     9
  Dodge: Dodged            |    74 |    65 |     9 ||   148
         Repelled          |       |     2 |       ||     2
  Block: Buckler           |    27 |    23 |    11 ||    61

Table legend: (Time is in decaauts)
 A = Elapsed time spent in this place.
 B = Non-inter-level travel time spent in this place.
 C = Inter-level travel time spent in this place.
 D = Time resting spent in this place.
 E = Time spent auto-exploring this place.
 F = Levels seen in this place.
 G = Mean time per level.
                   A        B        C        D        E       F      G
               +--------+--------+--------+--------+--------+-----+--------+
         Total |   3205 |   3076 |    129 |    288 |   2024 |   4 |  801.2 |
       Dungeon |   3205 |   3076 |    129 |    288 |   2024 |   4 |  801.2 |
               +--------+--------+--------+--------+--------+-----+--------+

Top non-repeatable levels by time:
     D:3: 1147 daAuts
     D:2: 1126 daAuts
     D:1: 789 daAuts
     D:4: 142 daAuts
